cohdb
Replays
Latest Replays
All Replays
Popular Replays
Top Player Replays
Match Explorer
How It Works
Community
CoH3 Stats
Reddit
Sign in to upload your games and track your stats! →
Sign in with Steam
Match 41921456
Unlisted
Match 41921456
Overview
Messages
Build Orders
End
Construct Infanterie Kompanie
Construct Infanterie Kompanie
Grenadier Squad
GrW 34 Mortar Team
Grenadier Squad
Construct Panzergrenadier Kompanie
Panzergrenadier Squad
Pak 40 Anti-tank Gun Team
Construct Panzer Kompanie
Panzer IV Medium Tank
Stoßtruppen Squad
Panzer Officer Quarters
Panzer IV Medium Tank
Kanade
仙台葉月@宮城のけち
낭만개미
SeaNettle
apple
Sherman-C
XIAOXU
inc.
0
0
Comments
sign in to comment!
No comments posted yet!